 Dungeon Crawl Stone Soup version 0.31-a0-968-g24f9ace8b5 (webtiles) character file.

Game seed: 13494632554173209743

546 Maxmaps the Changeling (level 7, -8/43 HPs)
             Began as an Octopode Shapeshifter on Oct 28, 2023.
             Was an Initiate of Gozag.
             Mangled by an ogre
             ... wielding a +0 giant club
              (20 damage)
             ... on level 5 of the Dungeon.
             The game lasted 00:05:00 (3830 turns).

Maxmaps the Changeling (Octopode Shapeshifter)      Turns: 3830, Time: 00:05:01

Health: -8/43      AC:  1    Str: 13    XL:     7   Next: 28%
Magic:  7/7        EV: 13    Int: 14    God:    Gozag
Gold:   195        SH:  5    Dex: 12    Spells: 6/6 levels left

rFire   . .          .
                       - Unarmed
rCold   + . .        (shield currently unavailable)
rNeg    . . .        (helmet restricted)
rPois   .            p - amulet of reflection
rElec   .            l - ring of see invisible
rCorr   .            k - ring of protection from cold
SInv    +            (no ring)
Will    .....        (no ring)
Stlth   +            (no ring)
HPRegen 0.27/turn    (no ring)
MPRegen 0.10/turn    (no ring)
                     (no ring)

%: reflection
@: flux-form, gold aura, glowing, studying Polearms
A: glow, contaminating, almost no armour, amphibious, 8 rings, camouflage 1,
gelatinous body 1, (nimble swimmer 1), tentacles
a: Begin Untransformation, Renounce Religion, Potion Petition, Call Merchant,
Bribe Branch


You were on level 5 of the Dungeon.
You worshipped Gozag.
Gozag was aware of your devotion.
You were something dangerously unstable.
You visited 1 branch of the dungeon, and saw 5 of its levels.

You collected 239 gold pieces.
You paid 44 gold pieces to Gozag.

Inventory:

Jewellery
 j - a ring of ice
 k - a ring of protection from cold (right tentacle)
 l - a ring of see invisible (left tentacle)
 p - an amulet of reflection (around mantle)
Talismans
 b - a beast talisman
 c - a flux talisman (active)
 h - a serpent talisman
Scrolls
 d - 3 scrolls of teleportation
 e - a scroll of enchant weapon
 f - a scroll of immolation
 g - 2 scrolls of vulnerability
 i - a scroll of poison
 r - 2 scrolls of torment
Potions
 m - a potion of attraction {unknown}
 n - 2 potions of resistance
 o - a potion of haste {unknown}
 s - a potion of curing {unknown}
 t - a potion of heal wounds {unknown}


   Skills:
 - Level 1.0 Fighting
 - Level 2.0 Dodging
 - Level 3.0 Unarmed Combat
 + Level 7.5 Shapeshifting


You had 6 spell levels left.
You didn't know any spells.
Your spell library contained the following spells:

 Spells                   Type           Power      Damage    Failure   Level
 Wereblood                Tmut           0%         N/A       41%         2
 Volatile Blastmotes      Fire/Tloc      0%         2d10      65%         3
 Fulminant Prism          Conj/Hex       0%         3d5       96%         4
 Iskenderun's Mystic Bla  Conj/Tloc      0%         2d3       96%         4
 Petrify                  Tmut/Erth      0%         N/A       96%         4
 Lee's Rapid Deconstruct  Erth           0%         3d4*      100%        5
 Silence                  Hex/Air        0%         N/A       100%        5
 Bombard                  Conj/Erth      0%         9d1       100%        6
 Shatter                  Erth           0%         3d5*      100%        9


Dungeon Overview and Level Annotations

Branches:
Dungeon (5/15)
 Temple: D:4-7

Altars:
Dithmenos
Gozag
Ru

Annotations:
D:3 1 runed translucent door, Frenzy's ghost, amateur MiFi


Innate Abilities, Weirdness & Mutations

You are something dangerously unstable.
You glow with magical radiation, making you easy to see and hit.
Foes you strike become dangerously contaminated with magical radiation.
You are incapable of wielding weapons or throwing items.
You cannot wear most types of armour.
You are amphibious.
You can wear up to eight rings at the same time.
Your skin changes colour to match your surroundings (Stealth+).
Your rubbery body absorbs attacks. (AC +1, EV +1)
((You are camouflaged when in or above water. (Stealth+)))
You have tentacles for arms and can constrict up to eight enemies at once.


Message History

Done exploring.
Done exploring.
No target in view!
What level of the Dungeon? (default 4, ? - help)
There is a stone staircase leading down here.
You climb downwards.
There is a stone staircase leading up here.
An orc comes into view. It is wielding a +0 trident.
The orc shouts!
An orc is nearby!
An orc is nearby!
Found 2 stones.
The orc barely misses you.
You tentacle-slap the orc.
The orc begins to glow.
You grab the orc. You squeeze the orc.
You kill the orc!
No target in view!
An ogre comes into view. It is wielding a +0 giant club.
Found a glowing golden ring.
The ogre moves out of view.
You now have 195 gold pieces (gained 7).
You see here a +0 trident.
No target in view!
The ogre hits you with a +0 giant club!!
Ouch! That really hurt!
An ogre is nearby!
You are too injured to fight recklessly!
You are too injured to fight recklessly!
You are too injured to fight recklessly!
You barely miss the ogre. You squeeze the ogre.
The ogre is moderately wounded.
The ogre hits you with a +0 giant club!
* * * LOW HITPOINT WARNING * * *
You tentacle-slap the ogre.
The ogre begins to glow.
You squeeze the ogre.
The ogre is heavily wounded.
You tentacle-slap the ogre.
The ogre glows dangerously bright.
You squeeze the ogre.
The ogre is almost dead.
The ogre hits you with a +0 giant club!!
You die...
Your body crumbles into a pile of gold.

#. ..# #.... #
#.... #.#.#.#
#.#.#(# #.....####
#......=.# #..Op..#
#.###.## #)# #.#
#.# #.# #.# #.#
#################.#


You could see an ogre (heavy contam).

Vanquished Creatures
  Eustachio (D:4)
  2 scorpions (D:4)
  A howler monkey (D:4)
  A hound (D:4)
  Crazy Yiuf (D:2)
  An orc priest (D:4)
  An iguana (D:4)
  An orc wizard (D:4)
  4 adders
  2 ufetubi (D:3)
  3 worms
  A dart slug (D:2)
  5 orcs
  6 bats
  5 endoplasms
  A giant cockroach (D:2)
  A goblin (D:2)
  5 hobgoblins
  4 jackals (D:1)
  5 kobolds
  4 quokkas
  5 ball pythons
  3 frilled lizards
  6 rats
69 creatures vanquished.

Notes
Turn   | Place    | Note
-------+----------+-------------------------------------------
     0 | D:1      | Maxmaps the Octopode Shapeshifter began the quest for the
                  | Orb.
     0 | D:1      | Reached XP level 1. HP: 13/13 MP: 1/1
    49 | D:1      | Got the Grimoire of Scree
    75 | D:1      | Reached XP level 2. HP: 14/18 MP: 2/2
   244 | D:1      | Found a faded altar of an unknown god.
   274 | D:1      | Got the Spellbook of the Sphinx and Moulding
   911 | D:2      | Found a shadowy altar of Dithmenos.
   923 | D:2      | Reached skill level 4 in Shapeshifting
   923 | D:2      | Reached XP level 3. HP: 15/23 MP: 3/3
  1416 | D:2      | Reached XP level 4. HP: 19/28 MP: 4/4
  1668 | D:2      | Found a runed translucent door.
  1669 | D:2      | Noticed Crazy Yiuf
  1678 | D:2      | Killed Crazy Yiuf
  1752 | D:3      | Noticed Frenzy's ghost (amateur MiFi)
  1752 | D:3      | Found a runed translucent door.
  1869 | D:3      | Reached skill level 5 in Shapeshifting
  2023 | D:3      | Reached XP level 5. HP: 33/33 MP: 5/5
  2531 | D:4      | Reached skill level 6 in Shapeshifting
  2583 | D:4      | Reached XP level 6. HP: 36/38 MP: 6/6
  2877 | D:4      | Found an opulent altar of Gozag.
  2966 | D:4      | Became a worshipper of Gozag Ym Sagoz the Greedy
  3224 | D:4      | Found a sacrificial altar of Ru.
  3227 | D:4      | Noticed Eustachio
  3343 | D:4      | Reached skill level 7 in Shapeshifting
  3518 | D:4      | Killed Eustachio
  3519 | D:4      | Reached XP level 7. HP: 21/43 MP: 7/7
  3784 | D:5      | Entered Level 5 of the Dungeon
  3830 | D:5      | Mangled by an ogre

Illustrated notes

Levels and vault maps discovered:
D:1:      evilmike_arrival_rings, layout_loops_corners,
          shapermc_ecumenical_altar_gd
D:2:      layout_basic, basic_altar, uniq_crazy_yiuf_cottage
D:3:      layout_basic, hellmonk_ghost_happy_afterlife, roderic_serpentine_path,
          kennysheep_crisscross, dreamdust_princess_corridor
D:4:      layout_cave_pods, nicolae_ru_awakened_eye, nicolae_gozag_seed_capital,
          uniq_eustachio
D:5:      layout_basic, minitemple, minmay_temple_entry_arrows,
          gammafunk_ghost_abyssal_escape, kennysheep_potato

Skill      XL: |  1  2  3  4  5  6 |
---------------+-------------------+-----
Shapeshifting  | 4 5 6 7 |  7.5
Fighting       | |  1.0
Dodging        | |  2.0
Unarmed Combat | |  3.0

Action                     |  1- 3 |  4- 6 |  7- 9 || total
---------------------------+-------+-------+-------++-------
  Melee: Unarmed           |    60 |   102 |     4 ||   166
         Constrict         |    12 |    25 |     1 ||    38
         Tentacles         |     8 |    19 |     4 ||    31
         Punch             |     2 |     4 |       ||     6
    Use: Potion            |       |     2 |       ||     2
         Scroll            |       |    11 |       ||    11
   Stab: Sleeping          |     9 |     5 |       ||    14
 Armour: Skin              |    18 |    54 |     3 ||    75
  Dodge: Dodged            |    35 |    43 |     1 ||    79
  Block: Other             |       |     7 |       ||     7
   Form: Flux              |       |       |     1 ||     1

Table legend: (Time is in decaauts)
 A = Elapsed time spent in this place.
 B = Non-inter-level travel time spent in this place.
 C = Inter-level travel time spent in this place.
 D = Time resting spent in this place.
 E = Time spent auto-exploring this place.
 F = Levels seen in this place.
 G = Mean time per level.
                   A        B        C        D        E       F      G
               +--------+--------+--------+--------+--------+-----+--------+
         Total |   3820 |   3583 |    237 |    461 |   2547 |   5 |  764.0 |
       Dungeon |   3820 |   3583 |    237 |    461 |   2547 |   5 |  764.0 |
               +--------+--------+--------+--------+--------+-----+--------+

Top non-repeatable levels by time:
     D:4: 1241 daAuts
     D:1: 909 daAuts
     D:2: 837 daAuts
     D:3: 786 daAuts
     D:5: 45 daAuts
